 Dungeon Crawl Stone Soup version 0.20-a0-787-g4ba4951 (webtiles) character file.

38 tbh1313 the Cutter (level 3, 0/23 HPs)
             Began as a Kobold Berserker on Feb 27, 2017.
             Was a Follower of Trog.
             Slain by a goblin
             ... wielding a +0 club
              (4 damage)
             ... on level 2 of the Dungeon.
             The game lasted 00:02:20 (1124 turns).

tbh1313 the Cutter (Kobold Berserker)               Turns: 1124, Time: 00:02:20

Health: 0/23       AC:  2    Str: 15    XL:     3   Next: 65%
Magic:  3/3        EV: 15    Int:  8    God:    Trog [*.....]
Gold:   53         SH:  0    Dex: 14    Spells: 2/2 levels left

rFire    . . .     SeeInvis .   h - +0 dagger
rCold    . . .     Gourm    .   b - +0 animal skin
rNeg     . . .     Faith    .   (shield restricted)
rPois    .         Spirit   .   (no helmet)
rElec    .         Reflect  .   (no cloak)
rCorr    .         Harm     .   (no gloves)
MR       .....                  (no boots)
Stlth    +.........             (no amulet)
Regen    0.1/turn               (no ring)
MPRegen  0.1/turn               (no ring)

@: exhausted, slowed, very slow
A: carnivore 3
a: Berserk, Burn Spellbooks, Renounce Religion


You were on level 2 of the Dungeon.
You worshipped Trog.
Trog was aware of your devotion.
You were very full.

You visited 1 branch of the dungeon, and saw 2 of its levels.

You collected 53 gold pieces.


Innate Abilities, Weirdness & Mutations

You are small and have problems with some larger weapons.
You are carnivorous and can eat meat at any time.


   Skills:
 - Level 3.2 Fighting
 + Level 5.8 Short Blades
 - Level 1.5 Armour
 - Level 2.4 Dodging


You had 2 spell levels left.
You didn't know any spells.

Dungeon Overview and Level Annotations

Branches:
Dungeon (2/15)

Altars:
Fedhas

Inventory:

Hand Weapons
 a - a +0 short sword
 h - a +0 dagger (weapon)
Armour
 b - a +0 animal skin (worn)
Jewellery
 k - an uncursed ring of ice
Scrolls
 d - 2 scrolls of remove curse {unknown}
 e - a scroll of recharging {unknown}
 g - 2 scrolls of teleportation {unknown}
 l - a scroll of amnesia {unknown}
 m - a scroll of immolation {unknown}
Potions
 f - a potion of cancellation {unknown}
 i - a potion of mutation {unknown}
 j - 2 potions of curing {unknown}
Comestibles
 c - 3 meat rations

####'#+### #........#
#.(......# . ≈≈###
#........# . ≈.###
#........# .. ≈.§≈
#........###. ...
#........#..
#.######........#.# .
#≈g#@...........#.###
#≈.≈#≈≈#g......≈≈≈.......
..≈..#)).....#≈≈≈...#.###
##
.≈≈#.g≈#.#####.._≈..#.#
>..
#.≈≈#..#.......≈≈≈..#.###
... .#.
##≈#.....#.....##..(. ...
% ≈#.#.....####..##...)
...
.####.....##....##.)..
... ##
####....#.....#....


You could see a goblin.


Message History

You kill the goblin!
Trog accepts your kill.
Found a meat ration.
A bat comes into view.
Things that are here:
a club; a goblin corpse You hit the gnoll but do no damage.
The bat moves out of view.
The gnoll hits you with a club of chaos.
The gnoll freezes you.
You hear a blaring wail to the northwest.
You hear a shout! x3
You barely miss the gnoll. You hit the gnoll.
The gnoll is moderately wounded.
The gnoll completely misses you.
An orc comes into view. It is wielding a spear of chaos.
You closely miss the gnoll.
The gnoll is moderately wounded.
The bat completely misses you. The gnoll completely misses you.
You hit the gnoll but do no damage.
The gnoll is moderately wounded.
The bat barely misses you.
You hit the gnoll.
The gnoll is moderately wounded.
The bat misses you.
The gnoll hits you with a club of chaos.
The gnoll burns you. The bat misses you.
You hit the bat.
You kill the bat!
Trog accepts your kill.
You hit the gnoll.
The gnoll is heavily wounded.
You barely miss the gnoll.
The gnoll is heavily wounded.
The gnoll completely misses you.
You hit the gnoll but do no damage.
The gnoll is heavily wounded.
The gnoll hits you with a club of chaos.
* * * LOW HITPOINT WARNING * * *
You are electrocuted!
* * * LOW HITPOINT WARNING * * *
The orc barely misses you.
A red film seems to cover your vision as you go berserk!
You feel yourself moving faster!
You feel mighty! The gnoll misses you. The orc barely misses you.
You barely miss the gnoll.
The gnoll is heavily wounded.
You puncture the gnoll!
You kill the gnoll!
Trog accepts your kill. The orc hits you but does no damage.
Items here: )) ††† a club of chaos; a club; a gnoll corpse; a bat corpse; a goblin corpse You hit the orc.
The orc is severely wounded.
The orc misses you.
You puncture the orc!
You kill the orc!
Trog accepts your kill.
You feel a strong urge to attack something.
You start resting.
You are no longer berserk.
You are exhausted.
You feel yourself slow down.
Okay, then.
You start resting.
Okay, then.
You closely miss the goblin. The goblin hits you with a club.
You die...

Vault maps used:
D:1:      dpeg_arrival_rooms_a
D:2:      fedhas_altar_2, tgw_xom

Notes
Turn   | Place    | Note
-------+----------+-------------------------------------------
     0 | D:1      | tbh1313 the Kobold Berserker began the quest for the Orb.
     0 | D:1      | Reached XP level 1. HP: 14/14 MP: 1/1
   172 | D:1      | Reached XP level 2. HP: 17/19 MP: 2/2
   564 | D:1      | Reached skill level 5 in Short Blades
   974 | D:2      | Found a blossoming altar of Fedhas.
   996 | D:2      | Reached XP level 3. HP: 20/23 MP: 3/3
  1112 | D:2      | HP: 3/23 [gnoll/club of chaos (8)]
  1124 | D:2      | Slain by a goblin

Vanquished Creatures
  A gnoll (D:2)
  An orc (D:2)
  6 bats
  3 giant cockroaches
  3 goblins
  3 hobgoblins
  4 kobolds
  5 rats
26 creatures vanquished.

Action                   || total
-------------------------++-------
Melee: Short sword       ||    31
       Dagger            ||    74
Invok: Berserk           ||     1
 Stab: Sleeping          ||     1
  Eat: Chunk             ||     9
Armor: Animal skin       ||    16
Dodge: Dodged            ||    89
